 Dungeon Crawl Stone Soup version 0.18.1-50-g88ac8fd (webtiles) character file.

5444 theElss the Destroyer (level 10, 0/69 HPs)
             Began as a High Elf Conjurer on Sept 14, 2016.
             Was a Believer of Vehumet.
             Slain by a basilisk (8 damage)
             ... on level 9 of the Dungeon.
             The game lasted 00:43:34 (12166 turns).

theElss the Destroyer (High Elf Conjurer)          Turns: 12166, Time: 00:43:35

Health: 0/69       AC:  5    Str:  8    XL:     10   Next: 41%
Magic:  3/25       EV:  2    Int: 22    God:    Vehumet [**....]
Gold:   290        SH:  0    Dex: 16    Spells: 4 memorised, 18 levels left

rFire  . . .     SeeInvis .     w - staff of wizardry
rCold  . . .     Gourm    .     a - +0 robe
rNeg   + + +     Faith    .     (no shield)
rPois  ∞         Spirit   .     (no helmet)
rElec  .         Dismiss  .     A - +0 cloak
rCorr  .         Reflect  .     r - +0 pair of gloves
SustAt .         Harm     .     d - +0 pair of boots
MR     +....                    (no amulet)
Stlth  ++........               (no ring)
                                H - ring of positive energy

@: petrified, somewhat resistant to hostile enchantments, unstealthy
A: no striking features
a: Renounce Religion


You were on level 9 of the Dungeon.
You worshipped Vehumet.
Vehumet was pleased with you.
You were very hungry.

You visited 2 branches of the dungeon, and saw 10 of its levels.
You also visited: Bailey.

You collected 540 gold pieces.
You spent 250 gold pieces at shops.

Inventory:

Hand Weapons
 k - a +0 short sword of speed
Armour
 a - a +0 robe (worn)
 d - a +0 pair of boots (worn)
 r - a +0 pair of gloves (worn)
 A - a +0 cloak (worn)
Magical Staves
 w - an uncursed staff of wizardry (weapon)
Jewellery
 g - an uncursed ring of ice
 H - a ring of positive energy (left hand)
Wands
 u - a wand of polymorph (2/24)
 B - a wand of enslavement (16/24)
 J - a wand of digging (17/24)
 K - a wand of lightning (5/15)
Scrolls
 e - 2 scrolls of fear {unknown}
 i - 2 scrolls of enchant armour {unknown}
 j - a scroll of magic mapping {unknown}
 m - 12 scrolls of identify {unknown}
 q - 3 scrolls of immolation {unknown}
 t - 3 scrolls of amnesia {unknown}
 y - 2 scrolls of blinking {unknown}
 C - a scroll of vulnerability {unknown}
 D - 3 scrolls of teleportation {unknown}
 F - a scroll of noise {unknown}
 G - a scroll of enchant weapon {unknown}
 I - 2 scrolls of remove curse {unknown}
Potions
 f - 6 potions of lignification
 n - a potion of haste {unknown}
 o - a potion of might {unknown}
 p - 5 potions of flight {unknown}
 s - a potion of cure mutation {unknown}
 v - a potion of cancellation {unknown}
 x - a potion of mutation {unknown}
 z - a potion of ambrosia {unknown}
 E - 3 potions of curing
 M - a potion of berserk rage {unknown}
Books
 b - a book of Conjurations

   Spells                             Type                      Level
   a - Magic Dart                     Conjuration                  1
   b - Searing Ray                    Conjuration                  2
   c - Dazzling Spray                 Conjuration/Hexes            3
   d - Fulminant Prism                Conjuration/Hexes            4
   e - Iskenderun's Mystic Blast      Conjuration                  4
   f - Iskenderun's Battlesphere      Conjuration/Charms           5
Comestibles
 c - 4 bread rations
 h - 4 meat rations
 l - 3 beef jerkies


   Skills:
 * Level 6.8 Fighting
 + Level 5.0 Dodging
 - Level 2.1 Stealth
 + Level 10.7 Spellcasting
 + Level 10.9 Conjurations


You had 18 spell levels left.
You knew the following spells:

 Your Spells              Type           Power        Failure   Level  Hunger
a - Magic Dart            Conj           ####         1%          1    None
b - Iskenderun's Battles  Conj/Chrm      #####...     7%          5    ####...
c - Searing Ray           Conj           ######       1%          2    None
d - Iskenderun's Mystic   Conj           ######..     1%          4    #......


Dungeon Overview and Level Annotations

Branches:
Dungeon (9/15)             Temple (1/1) D:7
   Lair: D:8-11         Orc: D:9-12

Altars:
Ashenzari
Cheibriados
Dithmenos
Elyvilon
Fedhas
Gozag
Kikubaaqudgha
Nemelex Xobeh
Okawaru
Pakellas
Qazlal
Ru
Sif Muna
Trog
Vehumet
Xom
Yredelemnul
Zin
The Shining One

Shops:
D:5 ![}(

Annotations:
D:4 Grinder
D:7 appiemonkey's ghost, novice DsAK


Message History

You see here a robe.
You see here a giant spiked club.
A basilisk comes into view.
The basilisk hisses angrily.
The basilisk gazes at you.
You are slowing down.
Your limbs are stiffening.
You see here a giant club.
The basilisk bites you. The yak gores you! The basilisk gazes at you.
You easily resist.
You have turned to stone.
The yak completely misses you. The basilisk gazes at you.
You easily resist.
The yak gores you! The basilisk bites you!
* * * LOW HITPOINT WARNING * * *
The yak gores you!
* * * LOW HITPOINT WARNING * * *
The basilisk bites you!
You die...

#)# ###.........## ##.#
#............# ## #(.#
#............## .######
#)(## ##..........[.#
....Y.######<..##
#............#
######Y.Y)......#
#............#
##....(..[.##
##...........#
#..........####...[.......#
#...(...†.@#..)..........##
#.........lY.###.........#
##.......>..## #........<#
##.........# ##.......##
#.........# ##......#
##...####.# ######## #####
#.# #.# #.#


You could see a yak and a basilisk.

Vanquished Creatures
  A hydra (D:7)
  A two-headed ogre (D:8)
  4 yaks (D:9)
  6 orc warriors
  2 phantoms
  2 black bears
  3 ogres (D:9)
  5 centaurs
  Blork the orc (D:4)
  A big kobold (D:8)
  6 giant frogs
  A wyvern zombie (D:6)
  A wyvern skeleton (D:9)
  3 scorpions
  A killer bee (D:8)
  2 howler monkeys
  10 wights
  A crimson imp (D:5)
  A giant frog zombie (D:6)
  2 centaur skeletons
  3 hounds
  2 giant frog skeletons (D:6)
  3 orc priests
  5 orc wizards
  Jessica (D:2)
  3 iguanas
  2 worker ants
  A hound skeleton (D:6)
  3 worker ant zombies
  2 howler monkey skeletons
  13 gnolls
  8 adders
  An ooze (D:5)
  3 worms
  An adder skeleton (D:4)
  3 dart slugs
  3 giant geckos
  36 orcs
  A ball python (D:3)
  7 bats
  3 giant cockroaches
  26 goblins
  20 hobgoblins
  6 jackals
  4 quokkas
  A ball python skeleton (D:4)
  A giant newt (D:2)
  A jackal skeleton (D:6)
  14 kobolds
  2 quokka zombies (D:5)
  3 rats
236 creatures vanquished.

Notes
Turn   | Place    | Note
--------------------------------------------------------------
     0 | D:1      | theElss the High Elf Conjurer began the quest for the Orb.
     0 | D:1      | Reached XP level 1. HP: 11/11 MP: 4/4
     3 | D:1      | Noticed an electric eel
     3 | D:1      | Noticed an electric eel
   332 | D:1      | Reached XP level 2. HP: 18/18 MP: 4/6
   336 | D:1      | Learned a level 2 spell: Searing Ray
   467 | D:1      | Reached skill level 1 in Fighting
   778 | D:1      | Reached skill level 5 in Conjurations
   782 | D:1      | Reached XP level 3. HP: 23/23 MP: 2/7
  1366 | D:2      | Noticed Jessica
  1371 | D:2      | Killed Jessica
  1371 | D:2      | Reached XP level 4. HP: 18/28 MP: 3/9
  2193 | D:3      | Reached XP level 5. HP: 34/34 MP: 7/11
  2199 | D:3      | Learned a level 4 spell: Iskenderun's Mystic Blast
  2992 | D:3      | Found a sacrificial altar of Ru.
  3361 | D:3      | Reached XP level 6. HP: 39/39 MP: 7/13
  3535 | D:3      | Learned a level 5 spell: Iskenderun's Battlesphere
  3814 | D:4      | Noticed Grinder
  4108 | D:4      | Noticed Blork the orc
  4170 | D:4      | Killed Blork the orc
  4355 | D:4      | Reached XP level 7. HP: 46/46 MP: 10/15
  4370 | D:4      | Reached skill level 5 in Spellcasting
  4921 | D:5      | Entered Level 5 of the Dungeon
  5006 | D:5      | Found Fyroimom's Weapon Emporium.
  5209 | D:5      | Found Fiyruck's Antique Armour Boutique.
  5217 | D:5      | Bought a cloak for 130 gold pieces
  5329 | D:5      | Found Kutig's Distillery.
  5337 | D:5      | Bought a potion of heal wounds for 50 gold pieces
  5337 | D:5      | Bought a potion of degeneration for 10 gold pieces
  5337 | D:5      | Bought a potion of lignification for 30 gold pieces
  5337 | D:5      | Bought a potion of curing for 30 gold pieces
  5550 | D:5      | Found Ywoargh's Gadget Shop.
  6358 | D:6      | Reached XP level 8. HP: 54/54 MP: 13/18
  6544 | D:6      | Found a deep blue altar of Sif Muna.
  7432 | D:7      | Found a staircase to the Ecumenical Temple.
  7615 | Temple   | Entered the Ecumenical Temple
  7702 | Temple   | Became a worshipper of Vehumet
  7800 | D:7      | Reached skill level 5 in Fighting
  7823 | D:7      | Noticed a four-headed hydra
  7836 | D:7      | Killed a four-headed hydra
  7836 | D:7      | Reached XP level 9. HP: 50/61 MP: 0/22
  8193 | D:7      | Noticed appiemonkey's ghost (novice DsAK)
  8917 | D:8      | Found a flagged portal.
  9021 | Bailey   | Entered a bailey
  9126 | Bailey   | Reached skill level 10 in Conjurations
  9439 | Bailey   | Reached * piety under Vehumet
  9439 | Bailey   | Offered knowledge of Flame Tongue by Vehumet.
 10268 | D:8      | Reached XP level 10. HP: 69/69 MP: 21/24
 10337 | D:8      | Reached skill level 10 in Spellcasting
 10704 | D:8      | Offered knowledge of Sandblast by Vehumet.
 10812 | D:8      | Reached ** piety under Vehumet
 11949 | D:9      | Reached skill level 5 in Dodging
 12166 | D:9      | Slain by a basilisk

Skill      XL: |  1  2  3  4  5  6  7  8  9 10 |
---------------+-------------------------------+-----
Fighting       | 1 2 3 5 6 |  6.8
Conjurations   | 5 6 7 8 9 10 | 10.9
Spellcasting   | 3 4 6 8 9 10 | 10.7
Dodging        | 3 4 5 |  5.0
Stealth        | |  2.1

Action                   |  1- 3 |  4- 6 |  7- 9 | 10-12 || total
-------------------------+-------+-------+-------+-------++-------
Melee: Unarmed           |     1 |       |       |       ||     1
       Short sword       |    12 |     5 |       |       ||    17
       Staff             |       |       |    12 |     2 ||    14
 Cast: Magic Dart        |    61 |   113 |   178 |    44 ||   396
       Searing Ray       |     1 |    10 |    22 |     2 ||    35
       Iskenderun's Myst |       |     8 |    54 |    35 ||    97
       Iskenderun's Batt |       |       |    18 |    19 ||    37
  Use: Potion            |       |       |     1 |       ||     1
  Eat: Chunk             |       |    12 |    20 |     9 ||    41
       Royal jelly       |       |       |     1 |       ||     1
       Beef jerky        |       |       |     2 |       ||     2
       Fruit             |       |       |     2 |       ||     2
Armor: Robe              |     7 |     3 |    13 |     6 ||    29
Dodge: Dodged            |    21 |    15 |    50 |    26 ||   112
